Map: World of Sleepers LE

Players

JinairRogue (Rogue) - Winner!

  • Race: Zerg Zerg
  • Spawn Location: 7:00

Ragnarok (SHIN)

  • Race: Zerg Zerg
  • League: Grandmaster
  • Spawn Location: 1:00

VOD

Have the link to the VOD?

Description

Time

  • Played on: Jan. 16, 2020, 5:18 a.m.
  • Length: 6:54
Show
View Real Time Build Order
Export as new Build Order

JinairRogue Zerg - Winner!

Build Orders: Hatch First, Zergling Baneling 

Get SALT Encoding   

  12  0:00  Drone  
  13  0:12  Overlord  
  13  0:16  Drone  
  14  0:30  Drone x2  
  16  0:47  Hatchery  
  15  0:50  Drone  
  15  0:53  Drone  
  17  0:57  Drone  
  18  1:08  Extractor  
  17  1:12  Spawning Pool  
  17  1:15  Drone  
  17  1:18  Drone  
  18  1:28  Drone  
  19  1:39  Drone  
  20  1:49  Drone  
  21  1:59  Queen x2  
  21  2:00  Zergling x2, Overlord  
  26  2:08  Metabolic Boost  
  26  2:11  Drone x2  
  28  2:21  Drone x2  
  30  2:26  Evolution Chamber  
  29  2:33  Drone x2  
  31  2:42  Hatchery  
  30  2:45  Drone  
  30  2:47  Drone  
  32  2:53  Baneling Nest  
  32  2:56  Drone  
  32  2:59  Overlord  
  32  3:07  Zerg Melee Weapons Level 1  
  32  3:08  Drone  
  32  3:09  Drone  
  32  3:11  Drone  
  35  3:13  Zergling x2  
  35  3:19  Zergling x2  
  38  3:20  Zergling x2  
  38  3:22  Drone x2  
  38  3:25  Drone  
  41  3:30  Queen  
  41  3:33  Overlord  
  43  3:40  Evolution Chamber  
  42  3:42  Drone x2  
  42  3:44  Overlord  
  44  3:49  Baneling  
  44  3:54  Zergling x8  
  48  3:57  Zergling x4  
  50  4:05  Roach Warren  
  50  4:09  Zergling x6  
  51  4:12  Overlord  
  51  4:14  Zergling x2  
  51  4:15  Zergling x2  
  53  4:21  Baneling x2  
  53  4:25  Zergling x2  
  53  4:26  Zergling x4  
  56  4:31  Zergling x2  
  56  4:32  Zergling x4  
  56  4:35  Zergling x2  
  60  4:39  Zergling x8  
  60  4:42  Zergling x8  
  69  4:47  Baneling x8  
  69  4:51  Zergling x4  
  71  4:57  Zergling x2  
  72  5:05  Zergling x2  
  72  5:06  Zergling x2  
  69  5:08  Zergling x2  
  69  5:12  Zergling x2  
  69  5:13  Zergling x12  
  69  5:17  Zergling x6  
  69  5:19  Zergling x2  
  68  5:24  Zergling x2  
  68  5:27  Zergling x2  
  63  5:31  Zergling x2  
  60  5:36  Extractor  
  60  5:38  Zergling x4  
  60  5:42  Zergling x2  
  60  5:45  Zergling x2  
  60  5:46  Zergling x2  
  61  5:50  Zergling x12  
  65  5:59  Zergling x8  
  68  6:04  Zergling x4  
  68  6:05  Zergling x2  
  69  6:12  Zergling x2  
  69  6:16  Zergling x2  
  69  6:17  Zergling x4  
  72  6:19  Baneling x10  
  72  6:20  Zergling x2  
  72  6:22  Zergling x2  
  72  6:25  Zergling x8  
  70  6:26  Zergling x4  
  70  6:29  Zergling x2  
  70  6:31  Baneling x3  
  72  6:33  Zergling x2  
Show
View Real Time Build Order
Export as new Build Order

Ragnarok Zerg 

Build Orders: Hatch First 

Get SALT Encoding   

  12  0:00  Drone  
  13  0:08  Drone  
  14  0:16  Overlord  
  14  0:36  Drone x2  
  16  0:47  Hatchery  
  15  0:50  Drone  
  15  0:54  Drone  
  17  1:01  Drone  
  18  1:08  Extractor  
  17  1:14  Spawning Pool  
  17  1:17  Drone  
  17  1:20  Drone  
  18  1:30  Drone  
  19  1:42  Drone  
  20  1:53  Drone  
  21  2:01  Queen x2  
  21  2:02  Zergling x2, Drone  
  27  2:11  Overlord  
  27  2:12  Drone  
  27  2:13  Metabolic Boost  
  28  2:29  Drone  
  29  2:31  Hatchery  
  29  2:32  Drone  
  29  2:35  Drone  
  30  2:37  Drone  
  31  2:45  Queen  
  31  2:47  Drone  
  34  2:53  Baneling Nest  
  34  2:57  Overlord  
  33  3:01  Drone  
  33  3:04  Zergling x4  
  36  3:16  Drone x5  
  36  3:18  Drone  
  42  3:25  Drone x2  
  44  3:30  Evolution Chamber  
  44  3:33  Drone, Overlord  
  44  3:37  Baneling x2  
  44  3:45  Drone x5  
  49  3:50  Drone  
  49  3:53  Overlord  
  50  3:56  Roach Warren  
  50  3:59  Zerg Missile Weapons Level 1  
  50  4:00  Zergling x4  
  51  4:05  Extractor x2, Drone x2  
  51  4:12  Lair  
  51  4:14  Drone x2  
  51  4:15  Drone  
  51  4:16  Drone  
  55  4:21  Drone x3  
  58  4:25  Drone x3  
  58  4:30  Drone, Overlord  
  61  4:34  Overlord  
  61  4:39  Zergling x4  
  61  4:41  Zergling x4  
  65  4:46  Baneling x2  
  65  4:48  Overlord  
  65  4:49  Roach x2  
  65  4:51  Roach  
  71  4:53  Roach  
  71  4:57  Roach x2  
  71  4:59  Roach  
  73  5:01  Roach  
  73  5:03  Roach  
  73  5:05  Roach  
  76  5:08  Roach  
  76  5:10  Roach  
  76  5:13  Roach  
  82  5:17  Roach  
  82  5:19  Roach  
  79  5:24  Roach  
  64  5:28  Zergling x2  
  64  5:29  Zergling x2  
  64  5:31  Roach  
  64  5:35  Zergling x2  
  55  5:39  Roach  
  56  5:45  Roach  
  56  5:47  Zergling x2  
  54  5:52  Zergling x2  
  54  5:55  Zergling x2  
  56  5:59  Zergling x2  
  56  6:01  Zergling x2  
  57  6:06  Ravager  
  57  6:12  Baneling  
  57  6:14  Zergling x4  
  57  6:15  Baneling  
  45  6:19  Zergling x2  
Tags
 
Add a new tag
Caveats
  • Supply blocks, unpowered buildings, or Contaminate may cause inaccurate times.
  • Supply counts are checked every 10 seconds.